 Dungeon Crawl Stone Soup version 0.23.0 (webtiles) character file.

Game seed: 7540867652821910254

158 Flugkiller the Cudgeler (level 5, -6/33 HPs)
             Began as a Gargoyle Gladiator on Feb 8, 2019.
             Killed by divine providence
             ... invoked by an orc priest
              (11 damage)
             ... on level 3 of the Dungeon.
             The game lasted 00:03:06 (2352 turns).

Flugkiller the Cudgeler (Gargoyle Gladiator)        Turns: 2352, Time: 00:03:06

Health: -6/33      AC:  8    Str: 18    XL:     5   Next: 39%
Magic:  5/5        EV: 12    Int:  8    God:
Gold:   93         SH:  0    Dex: 12    Spells: 4/4 levels left

rFire    . . .     SeeInvis .   a - +0 flail
rCold    . . .     Gourm    .   (no shield)
rNeg     + . .     Faith    .   b - +0 leather armour
rPois    ∞         Spirit   .   c - +0 helmet
rElec    +         Reflect  .   (no cloak)
rCorr    .         Harm     .   (no gloves)
MR       .....                  (no boots)
Stlth    +.........             (no amulet)
HPRegen  0.11/turn              (no ring)
MPRegen  0.09/turn              (no ring)

@: no status effects
A: negative energy resistance 1, electricity resistance, unbreathing,
petrification resistance, rot immunity, AC +4
a: no special abilities


You were on level 3 of the Dungeon.
You were not hungry.

You visited 1 branch of the dungeon, and saw 3 of its levels.

You collected 93 gold pieces.

Inventory:

Hand Weapons
 a - a +0 flail (weapon)
Missiles
 d - 3 throwing nets (quivered)
Armour
 b - a +0 leather armour (worn)
 c - a +0 helmet (worn)
Scrolls
 e - 2 scrolls of enchant armour {unknown}
 k - a scroll of fog {unknown}
 l - a scroll of teleportation {unknown}
 m - a scroll of remove curse {unknown}
 n - 2 scrolls of identify {unknown}
Potions
 h - a potion of heal wounds {unknown}
 i - a potion of degeneration {unknown}
 j - 2 potions of brilliance {unknown}
 o - a potion of curing {unknown}
Comestibles
 f - 9 rations
 g - 10 chunks of flesh


   Skills:
 + Level 3.8 Fighting
 * Level 5.1 Maces & Flails
 - Level 1.7 Throwing
 - Level 2.4 Dodging


You had 4 spell levels left.
You didn't know any spells.
Your spell library was empty.

Dungeon Overview and Level Annotations

Branches:
Dungeon (3/15)

Altars:


Innate Abilities, Weirdness & Mutations

You are resistant to torment.
Your stone body is resilient. (AC +4)
You are immune to poison.
You resist negative energy. (rN+)
You are resistant to electric shocks. (rElec)
You can survive without breathing.
You are immune to petrification.
You are immune to rotting.


Message History

You closely miss the rat. The bat completely misses you.
The rat bites you but does no damage.
You hit the bat.
You kill the bat!
The rat completely misses you.
You closely miss the rat. The rat closely misses you.
The rat bites you but does no damage.
You hit the rat.
You kill the rat!
No target in view!
No target in view!
You butcher the rat corpse.
g - 9 chunks of flesh (gained 1)
You see here a rat skeleton. x2
You butcher the bat corpse.
g - 10 chunks of flesh (gained 1)
You see here a bat skeleton. x2
You now have 93 gold pieces (gained 16).
You open the door.
A rat comes into view.
There is an open door here.
A rat is nearby!
A rat is nearby!
The rat misses you.
You sock the rat!
You kill the rat!
No target in view!
No target in view!
No target in view!
A hobgoblin comes into view.
The hobgoblin shouts!
A hobgoblin is nearby!
A hobgoblin is nearby!
A hobgoblin is nearby!
An orc priest comes into view. It is wielding a +0 hand axe.
The hobgoblin closely misses you.
The orc priest calls down the wrath of Beogh upon you.
Beogh smites you!
An orc comes into view. It is wielding a +0 hand axe.
The orc shouts!
You are too injured to fight recklessly!
You are too injured to fight recklessly!
You are too injured to fight recklessly!
Unknown command.
The orc priest invokes the aid of Beogh against you.
Beogh smites you!
* * * LOW HITPOINT WARNING * * *
The orc priest calls down the wrath of Beogh upon you.
Beogh smites you!
You die...

#.#### ##'#####....
###.###########÷.÷.......#
.....................>...#
###.##########...........#
#.###....###...........#
#.......<'.#...........#
#####....###............
#....# ###'#######.#
###### #@# . #g# #.# #.#
#.# #.# #o# #o# #.#


You could see an orc priest, an orc and a hobgoblin.

Vanquished Creatures
  An orc priest (D:3)
  Ijyb (D:3)
  4 adders
  4 worms (D:2)
  2 dart slugs (D:1)
  3 leopard geckos (D:2)
  4 orcs
  A ball python (D:2)
  2 giant cockroaches (D:2)
  8 goblins
  2 hobgoblins
  3 kobolds (D:2)
  A quokka (D:3)
  7 bats
  5 frilled lizards
  5 rats
53 creatures vanquished.

Notes
Turn   | Place    | Note
-------+----------+-------------------------------------------
     0 | D:1      | Flugkiller the Gargoyle Gladiator began the quest for the
                  | Orb.
     0 | D:1      | Reached XP level 1. HP: 12/12 MP: 1/1
   319 | D:1      | Reached XP level 2. HP: 13/18 MP: 2/2
   855 | D:2      | Reached XP level 3. HP: 22/22 MP: 3/3
   942 | D:2      | Found a faded altar of an unknown god.
   965 | D:2      | Reached skill level 4 in Maces & Flails
  1149 | D:2      | Reached XP level 4. HP: 28/28 MP: 4/4
  1561 | D:3      | Noticed Ijyb
  1927 | D:3      | Killed Ijyb
  1952 | D:3      | Reached skill level 5 in Maces & Flails
  1952 | D:3      | Reached XP level 5. HP: 11/33 MP: 5/5
  2352 | D:3      | Killed from afar by an orc priest

Skill      XL: |  1  2  3  4 |
---------------+-------------+-----
Maces & Flails | 4 5 |  5.1
Fighting       | 3 |  3.8
Throwing       | |  1.7
Dodging        | |  2.4

Action                   |  1- 3 |  4- 6 || total
-------------------------+-------+-------++-------
Melee: Flail             |    99 |   105 ||   204
       Unarmed           |       |     1 ||     1
  Eat: Chunk             |     1 |     4 ||     5
Armor: Leather armour    |    48 |    41 ||    89
       Skin              |       |    15 ||    15
Dodge: Dodged            |    73 |    64 ||   137
